 Dungeon Crawl Stone Soup version 0.24-a0-530-g18ba70b503 (webtiles) character file.

Game seed: 12751628058336860200

37366 Kae the Fencer (level 13, 0/157 HPs)
             Began as a Minotaur Fighter on Aug 7, 2019.
             Was the Champion of Okawaru.
             Killed by the air
             ... invoked by a wind drake
              (12 damage)
             ... on level 6 of the Lair of Beasts.
             The game lasted 00:20:37 (20699 turns).

Kae the Fencer (Minotaur Fighter)                  Turns: 20699, Time: 00:20:37

Health: 0/157      AC: 26    Str: 31    XL:     13   Next: 58%
Magic:  14/18      EV:  2    Int:  6    God:    Okawaru [******]
Gold:   839        SH: 12    Dex:  9    Spells: 12/12 levels left

rFire    . . .     SeeInvis .   K - +3 demon blade (elec)
rCold    . . .     Gourm    .   J - +0 shield
rNeg     + + +     Faith    .   (armour currently unavailable)
rPois    +         Spirit   .   (helmet currently unavailable)
rElec    .         Reflect  .   (cloak currently unavailable)
rCorr    .         Harm     .   (gloves currently unavailable)
MR       +....     NoTele   +   (boots currently unavailable)
Stlth    +++.......             E - amulet of the acrobat
HPRegen  0.36/turn              y - ring of protection from magic
MPRegen  0.16/turn              p - ring of wizardry

@: mighty, tree-form, heroism, finesse, mesmerised
A: (retaliatory headbutt)
a: Heroism, Finesse, Renounce Religion


You were on level 6 of the Lair of Beasts.
You worshipped Okawaru.
Okawaru was exalted by your worship.
You were not hungry.
You were a tree.
You visited 3 branches of the dungeon, and saw 18 of its levels.
You also visited: Ossuary.

You collected 839 gold pieces.

Inventory:

Hand Weapons
 a - a +0 long sword
 b - a +1 falchion
 I - a +3 double sword of slicing
 K - a +3 demon blade of electrocution (weapon)
Armour
 c - the +7 fire dragon scales of the Engineer (melded) {rF++ rC- Int+2}
   (Okawaru gifted it to you on level 4 of the Lair of Beasts)

   It affects your intelligence (+2).
   It greatly protects you from fire.
   It makes you vulnerable to cold.
 d - +0 gold dragon scales
 s - a +0 pair of gloves (melded)
 F - a +0 pair of boots of flying (melded)
 J - a +0 shield (worn)
Jewellery
 g - a +3 ring of dexterity
 i - an uncursed ring of protection from fire
 p - a ring of wizardry (right branch)
 v - an uncursed ring of protection from magic
 y - a ring of protection from magic (left branch)
 E - an amulet of the acrobat (around neck)
 G - an uncursed ring of wizardry
Wands
 o - a wand of iceblast (25)
 x - a wand of digging (7)
 N - a wand of flame (21)
Scrolls
 h - 7 scrolls of teleportation
 k - 8 scrolls of remove curse
 n - 5 scrolls of enchant armour
 B - 2 scrolls of amnesia
 H - a scroll of identify
 L - 4 scrolls of magic mapping
 M - a scroll of holy word
Potions
 e - 4 potions of flight
 j - 2 potions of magic
 l - 2 potions of heal wounds
 m - a potion of lignification
 q - 2 potions of brilliance
 r - a potion of haste
 t - 2 potions of mutation
 u - 4 potions of agility
 w - 2 potions of ambrosia
 z - 2 potions of might
 A - 3 potions of curing
 C - a potion of invisibility
 D - a potion of resistance
Comestibles
 f - 26 rations


   Skills:
 - Level 7.1(12.1) Fighting
 - Level 18.0(23.0) Long Blades
 - Level 13.6(18.6) Armour
 - Level 3.6(8.6) Shields
 - Level 8.1 Invocations
 + Level 8.4 Evocations


You had 12 spell levels left.
You didn't know any spells.
Your spell library contained the following spells:

 Spells                   Type           Power        Failure   Level  Hunger
 Beastly Appendage        Tmut           #.....       41%         1    ##.....
 Magic Dart               Conj           #...         41%         1    ##.....
 Summon Small Mammal      Summ           #...         41%         1    ##.....
 Blink                    Tloc           N/A          52%         2    ###....
 Call Imp                 Summ           #.......     52%         2    ###....
 Slow                     Hex            #.......     52%         2    ###....
 Sticks to Snakes         Tmut           #.......     52%         2    ###....
 Call Canine Familiar     Summ           #.......     77%         3    ####...
 Conjure Flame            Conj/Fire      #.......     77%         3    ####...
 Mephitic Cloud           Conj/Pois/Air  #.......     77%         3    ####...
 Spider Form              Tmut/Pois      #.........   77%         3    ####...
 Summon Guardian Golem    Hex/Summ       #.......     77%         3    ####...
 Ice Form                 Ice/Tmut       #.......     98%         4    #####..
 Summon Ice Beast         Ice/Summ       #.......     98%         4    #####..
 Summon Lightning Spire   Summ/Air       #.......     98%         4    #####..
 Blade Hands              Tmut           #.........   100%        5    ######.


Dungeon Overview and Level Annotations

Branches:
Dungeon (11/15)            Temple (1/1) D:4            Lair (6/6) D:11
  Swamp (0/4) Lair:4       Spider (0/4) Lair:3          Orc (0/2) D:9
  Slime: Lair:5-6

Altars:
Ashenzari
Cheibriados
Dithmenos
Elyvilon
Fedhas
Gozag
Hepliaklqana
Kikubaaqudgha
Makhleb
Nemelex Xobeh
Okawaru
Qazlal
Ru
Sif Muna
Trog
Uskayaw
Vehumet
Wu Jian
Xom
Yredelemnul
Zin
The Shining One

Portals:
Trove: D:11 (give 4 potions of resistance)

Annotations:
D:9 exclusion: oklob plant
Lair:1 1 runed translucent door, 1player's ghost, journeyman DrCj


Innate Abilities, Weirdness & Mutations

((You reflexively headbutt those who attack you in melee.))
((You have a pair of horns on your head.))


Message History

The merfolk avatar chants its luring song.
The blink frog blinks!
You block the death yak's attack. The wind drake flaps its wings at you.
The air twists around and strikes you! You block the water moccasin's attack.
The blink frog blinks!
You slice the death yak!!
Lightning courses through the death yak!!
You kill the death yak!
Okawaru accepts your kill. You block the water moccasin's attack.
You slash the death yak!
Lightning courses through the death yak!
The death yak is moderately wounded.
The four-headed hydra bites you but does no damage. x2
The four-headed hydra bites you!
* * * LOW HITPOINT WARNING * * *
The four-headed hydra bites you but does no damage.
The wind drake flaps its wings at you. The air twists around and strikes you!
You die...

# ### .# ##
#.#####.###.## ..##
.##...##P...#..##. .....
.........P........ .....
.............≈..S ..FP.
#..l.§.......# ≈
##.§.####kY....<....##≈P
#..P#.S♣StkH.......P≈≈≈P
#...§YSDkYm†††....≈≈≈≈≈
#.#.#FHYk#F[.###.≈≈##≈.
.. ####HSS†## ##≈†# ...
##YY## ##≈≈≈≈ ... #F.#
P≈≈≈≈ #. #.=F.. ..#≈≈ #
........ ≈..≈.
P.#.P#.?#.# ≈≈≈≈≈


You could see a merfolk avatar, a death yak, a four-headed hydra, 2 elephants, 2
wind drakes, a manticore, a komodo dragon, 2 hippogriffs, a spiny frog, 4 blink
frogs, 2 rime drakes, 5 water moccasins, a crocodile and 3 dream sheep.

Vanquished Creatures
  6 hydras
  Harold (Lair:2)
  A two-headed ogre (D:11)
  2 death yaks (Lair:6)
  Urug (Lair:4)
  2 unseen horrors (D:11)
  Pikel (D:4)
  A harpy (Lair:6)
  An oklob plant (Lair:5)
  An ugly thing (D:11)
  4 elephants
  Joseph (Lair:1)
  A black mamba (Lair:5)
  17 spiny frogs
  7 komodo dragons
  2 rime drakes
  A merfolk (D:11)
  3 polar bears
  2 hornets
  4 blink frogs (Lair:6)
  2 dream sheep (Lair:6)
  6 hippogriffs
  A wind drake (Lair:6)
  Sigmund (D:5)
  21 yaks
  A wyvern (Lair:2)
  The ghost of Gynju the Ruffian, an amateur NaTm (D:3)
  Eustachio (D:4)
  2 basilisks
  3 hungry ghosts
  Edmund (D:4)
  Menkaure (D:4)
  15 water moccasins
  Duvessa (D:5)
  17 porcupines
  2 orc warriors
  A phantom (D:8)
  3 sky beasts
  2 black bears
  2 eyes of draining
  5 ogres
  9 wolves (Lair:1)
  6 centaurs
  11 crocodiles
  8 bullfrogs
  Blork the orc (D:5)
  2 big kobolds
  Dowan (D:5)
  3 scorpions
  22 killer bees
  A howler monkey (D:8)
  6 crimson imps
  A centaur zombie (D:6)
  A bullfrog zombie (D:10)
  A jelly (D:7)
  8 hounds
  A bullfrog skeleton (D:4)
  2 centaur skeletons
  6 orc priests
  3 orc wizards
  5 worker ants
  Ijyb (D:5)
  3 iguanas (D:6)
  2 hound skeletons
  4 mummies (Ossuary)
  A worker ant zombie (D:10)
  3 gnolls (D:6)
  8 adders
  3 shadow imps
  2 adder skeletons (D:4)
  2 adder zombies
  2 worms
  4 dart slugs
  3 leopard geckos
  13 orcs
  2 giant cockroaches
  A gnoll zombie (Ossuary)
  5 goblins
  7 hobgoblins
  11 jackals
  17 kobolds
  A quokka (D:11)
  4 bats
  8 frilled lizards
  A gnoll skeleton (Ossuary)
  5 goblin skeletons (Ossuary)
  6 goblin zombies (Ossuary)
  5 hobgoblin skeletons (Ossuary)
  3 hobgoblin zombies (Ossuary)
  4 kobold skeletons (Ossuary)
  8 kobold zombies (Ossuary)
  5 orc skeletons (Ossuary)
  3 orc zombies (Ossuary)
  A quokka skeleton (D:7)
  2 rats
  4 rat skeletons (Ossuary)
  4 rat zombies (Ossuary)
  2 bushes (Lair:5)
  A fungus (Lair:2)
  2 plants (D:11)
409 creatures vanquished.

Vanquished Creatures (others)
  A shadow imp (D:4)
  A frilled lizard (D:3)
  An orc skeleton (Ossuary)
  6 fungi
  6 plants
15 creatures vanquished.

Grand Total: 424 creatures vanquished

Notes
Turn   | Place    | Note
-------+----------+-------------------------------------------
     0 | D:1      | Kae the Minotaur Fighter began the quest for the Orb.
     0 | D:1      | Reached XP level 1. HP: 19/19 MP: 0/0
    76 | D:1      | Reached skill level 3 in Long Blades
   102 | D:1      | Reached XP level 2. HP: 26/26 MP: 1/1
   569 | D:2      | Reached skill level 4 in Long Blades
   600 | D:2      | Reached XP level 3. HP: 27/31 MP: 2/2
   832 | D:2      | Found an ancient bone altar of Kikubaaqudgha.
  1339 | D:3      | Found a runed translucent gate.
  1341 | D:3      | Found a runed translucent gate.
  1341 | D:3      | Found a runed translucent gate.
  1341 | D:3      | Noticed Gynju's ghost (amateur NaTm)
  1406 | D:3      | Found a radiant altar of Vehumet.
  1434 | D:3      | Reached XP level 4. HP: 36/39 MP: 3/3
  1446 | D:3      | Reached skill level 5 in Long Blades
  1975 | D:3      | Killed Gynju's ghost
  1975 | D:3      | Reached skill level 6 in Long Blades
  1975 | D:3      | Reached skill level 5 in Armour
  1975 | D:3      | Reached XP level 5. HP: 35/45 MP: 4/4
  2055 | D:4      | Reached XP level 6. HP: 38/51 MP: 5/5
  2252 | D:4      | Reached skill level 7 in Long Blades
  2288 | D:4      | Noticed Eustachio
  2296 | D:4      | Noticed Pikel
  2298 | D:4      | Noticed a slave
  2300 | D:4      | Noticed a slave
  2301 | D:4      | Noticed a slave
  2320 | D:4      | Killed Eustachio
  2320 | D:4      | Reached XP level 7. HP: 23/57 MP: 6/6
  2324 | D:4      | HP: 2/57 [Pikel/+2 whip of electrocution (17)]
  2700 | D:4      | Noticed Menkaure
  2714 | D:4      | Killed Menkaure
  2714 | D:4      | Reached skill level 8 in Long Blades
  2718 | D:4      | Noticed Edmund
  2756 | D:4      | Killed Edmund
  2972 | D:4      | Killed Pikel
  2972 | D:4      | Reached skill level 10 in Long Blades
  2972 | D:4      | Reached XP level 8. HP: 17/64 MP: 7/7
  3324 | D:4      | Found a staircase to the Ecumenical Temple.
  3334 | Temple   | Entered the Ecumenical Temple
  3508 | D:5      | Entered Level 5 of the Dungeon
  3521 | D:5      | Noticed Dowan
  3523 | D:5      | Noticed Duvessa
  3527 | D:5      | Killed Dowan
  3542 | D:5      | Killed Duvessa
  3759 | D:5      | Noticed Sigmund
  3764 | D:5      | Killed Sigmund
  3764 | D:5      | Reached skill level 11 in Long Blades
  3784 | D:5      | Noticed Blork the orc
  3801 | D:5      | Killed Blork the orc
  3929 | D:5      | Found a shadowy altar of Dithmenos.
  4091 | D:5      | Noticed Ijyb
  4103 | D:5      | Killed Ijyb
  4351 | D:6      | Reached XP level 9. HP: 59/70 MP: 8/8
  4432 | D:6      | Found a hide-covered altar of Uskayaw.
  4730 | D:6      | Reached skill level 12 in Long Blades
  4942 | D:6      | Found a stormy altar of Qazlal.
  5423 | D:7      | Found an ornate altar of the Wu Jian Council.
  5589 | D:7      | Found a sacrificial altar of Ru.
  5590 | D:7      | Found an iron altar of Okawaru.
  5594 | D:7      | Became a worshipper of Warmaster Okawaru
  5616 | D:7      | Found a sand-covered staircase.
  5622 | Ossuary  | Entered an ossuary
  6106 | D:7      | Found a glowing golden altar of the Shining One.
  6127 | D:7      | Found a basalt altar of Yredelemnul.
  6129 | D:7      | Noticed a profane servitor
  6137 | D:7      | Noticed an angel
  6277 | D:8      | Reached skill level 13 in Long Blades
  6323 | D:8      | Reached skill level 10 in Armour
  6354 | D:8      | Found a shimmering altar of Xom.
  6431 | D:8      | Found a white marble altar of Elyvilon.
  7131 | D:9      | Reached * piety under Okawaru
  7136 | D:9      | Reached skill level 1 in Invocations
  7136 | D:9      | Reached XP level 10. HP: 64/77 MP: 9/9
  7560 | D:9      | Found a staircase to the Orcish Mines.
  7584 | D:9      | Reached skill level 14 in Long Blades
  8121 | D:9      | Reached ** piety under Okawaru
  8529 | D:9      | Found a blossoming altar of Fedhas.
  8547 | D:9      | Noticed an oklob plant
  8771 | D:10     | Entered Level 10 of the Dungeon
  9603 | D:10     | Reached *** piety under Okawaru
 10239 | D:11     | Noticed a two-headed ogre
 10254 | D:11     | Killed a two-headed ogre
 10254 | D:11     | Reached skill level 15 in Long Blades
 10287 | D:11     | Killed an unseen horror
 10287 | D:11     | Reached XP level 11. HP: 11/82 MP: 13/13
 10624 | D:11     | Found a staircase to the Lair.
 10968 | D:11     | Noticed a cyan ugly thing
 10983 | D:11     | Killed a cyan ugly thing
 10983 | D:11     | Reached **** piety under Okawaru
 11346 | D:11     | Killed an unseen horror
 11346 | D:11     | Reached skill level 5 in Invocations
 11974 | D:11     | Found a portal to a secret trove of treasure.
 12512 | Lair:1   | Entered Level 1 of the Lair of Beasts
 12732 | Lair:1   | Reached skill level 16 in Long Blades
 13068 | Lair:1   | Found a runed translucent door.
 13108 | Lair:1   | Noticed 1player's ghost (journeyman DrCj)
 13149 | Lair:1   | Reached ***** piety under Okawaru
 13793 | Lair:1   | Noticed an eight-headed hydra
 13800 | Lair:1   | Killed an eight-headed hydra
 14305 | Lair:1   | Noticed Joseph
 14320 | Lair:1   | Killed Joseph
 14881 | Lair:2   | Received a gift from Okawaru
 14881 | Lair:2   | Reached XP level 12. HP: 90/92 MP: 13/16
 14944 | Lair:2   | Reached skill level 5 in Fighting
 15036 | Lair:2   | Noticed Harold
 15054 | Lair:2   | Killed Harold
 15054 | Lair:2   | Reached skill level 17 in Long Blades
 16426 | Lair:3   | Found a hole to the Spider Nest.
 17850 | Lair:4   | Noticed Urug
 17892 | Lair:4   | Killed Urug
 18010 | Lair:4   | Found a staircase to the Swamp.
 18028 | Lair:4   | Noticed a four-headed hydra
 18481 | Lair:4   | Killed a four-headed hydra
 18481 | Lair:4   | Reached ****** piety under Okawaru
 18774 | Lair:4   | Received a gift from Okawaru
 18774 | Lair:4   | Reached skill level 18 in Long Blades
 18775 | Lair:4   | Got slimy fire dragon scales {god gift}
 18778 | Lair:4   | Identified the +7 fire dragon scales of the Engineer {rF++
                  | rC- Int+2} (Okawaru gifted it to you on level 4 of the Lair
                  | of Beasts)
 18889 | Lair:5   | Noticed a seven-headed hydra
 18981 | Lair:5   | Reached skill level 1 in Evocations
 19018 | Lair:5   | Noticed a five-headed hydra
 19029 | Lair:5   | Killed a ten-headed hydra
 19029 | Lair:5   | Reached XP level 13. HP: 48/105 MP: 18/18
 19684 | Lair:5   | Reached skill level 5 in Evocations
 20613 | Lair:6   | Entered Level 6 of the Lair of Beasts
 20676 | Lair:6   | Received a gift from Okawaru
 20699 | Lair:6   | Killed from afar by a wind drake

Levels and vault maps discovered:
D:1:      lemuel_arrival_funnel, layout_basic
D:2:      layout_loops_ring, lemuel_round_altar, guppyfry_early_lair_pool
D:3:      layout_loops_ring, fiery_altar_vehumet, ebering_ghost_rock_garden,
          grunt_decor_arrowhead
D:4:      layout_basic, minmay_temple_entry_enclosed_plants, uniq_pikel,
          uniq_menkaure, uniq_edmund, uniq_eustachio
D:5:      layout_loops_ring, grunt_dithmenos_smoke, first_ration,
          eino_tiny_chamber, uniq_blork_the_orc, uniq_ijyb, uniq_duvessa,
          uniq_sigmund
D:6:      layout_basic, nicolae_overflow_hidden_temple,
          nicolae_qazlal_style_of_elements
D:7:      layout_cave_pools, grunt_temple_overflow_holy_war,
          nicolae_overflow_crystal_walls, gammafunk_temple_overflow_statue,
          nicolae_ossuary_entry_plus
D:8:      layout_gridville, kennysheep_mini_moat, elyvilon_altar_1
D:9:      layout_irregular_city, tgw_fedhas, orc_0_dummy
D:10:     layout_basic
D:11:     layout_basic, dpeg_oklobed_lair, nicolae_trove_entry_columns,
          hangedman_fish_farm, chequers_serial_rivers_marsh,
          hangedman_decor_riveting
Temple:   nicolae_temple_figure_zero
Lair:1:   layout_loops_ring, ebering_ghost_reflecting_pool, grunt_megastairs_1,
          uniq_joseph
Lair:2:   layout_loops_ring, uniq_harold
Lair:3:   layout_layer_cave, dummy_spider_entry, lemuel_fruit_fields
Lair:4:   layout_misc_corridors, swamp_mist, st_stairs_10, grunt_megastairs_4,
          uniq_urug
Lair:5:   layout_layer_cave, minmay_lair_oklob_bushes
Lair:6:   gammafunk_lair_ancient_temple, layout_small_grid, slime_altar_1

Skill      XL: |  1  2  3  4  5  6  7  8  9 10 11 12 13 |
---------------+----------------------------------------+-----
Long Blades    | 3 4 6 7 10 11 13 15 16 18 | 18.0
Armour         | 4 5 6 7 8 10 11 12 13 | 13.6
Invocations    | 1 4 6 8 |  8.1
Fighting       | 4 7 |  7.1
Evocations     | 2 8 |  8.4
Shields        | |  3.6

Action                   |  1- 3 |  4- 6 |  7- 9 | 10-12 | 13-15 || total
-------------------------+-------+-------+-------+-------+-------++-------
Melee: Long sword        |   101 |    86 |   475 |   410 |       ||  1072
       Headbutt          |    10 |    17 |   106 |   251 |    32 ||   416
       Falchion          |       |       |       |   680 |       ||   680
       Double sword      |       |       |       |    17 |       ||    17
       Demon blade       |       |       |       |    14 |   144 ||   158
Invok: Heroism           |       |       |       |     7 |     3 ||    10
       Finesse           |       |       |       |       |     1 ||     1
Evoke: Wand              |       |       |     3 |    25 |     8 ||    36
  Use: Scroll            |     4 |     1 |    12 |     9 |       ||    26
       Potion            |       |     2 |     2 |     1 |     2 ||     7
 Stab: Betrayed ally     |       |       |     1 |       |       ||     1
  Eat: Chunk             |     2 |     3 |    11 |    26 |     3 ||    45
       Ration            |       |       |     2 |     5 |     1 ||     8
Armor: Scale mail        |    40 |    34 |    24 |       |       ||    98
       Gold dragon scale |       |       |   204 |   560 |       ||   764
       Fire dragon scale |       |       |       |    13 |    66 ||    79
       Skin              |       |       |       |       |    45 ||    45
Dodge: Dodged            |    40 |    22 |    41 |   119 |    74 ||   296
Block: Shield            |    55 |    44 |   185 |   373 |    94 ||   751
       Rpst.: Long sword |    11 |     2 |    12 |     9 |       ||    34
       Falchion          |       |       |       |    14 |       ||    14
       Double sword      |       |       |       |     2 |       ||     2
       Demon blade       |       |       |       |     1 |    12 ||    13

Table legend:
 A = Non-vault XP
 B = Vault XP
 C = Vault XP percentage of total XP
 D = Non-vault monster count
 E = Vault monster count
 F = Vault count percentage of total count
                 A         B        C        D         E       F
            +---------+---------+-------+---------+---------+-------
      Total |   43373 |   10007 |  18.7 |     318 |      80 |  20.1
            +---------+---------+-------+---------+---------+-------
        D:1 |      24 |       0 |   0.0 |      12 |       0 |   0.0
        D:2 |      63 |       0 |   0.0 |      22 |       0 |   0.0
        D:3 |      66 |     196 |  74.8 |      15 |       1 |   6.2
        D:4 |     380 |    1203 |  76.0 |      21 |       4 |  16.0
        D:5 |     161 |     557 |  77.6 |       7 |       5 |  41.7
        D:6 |     844 |       0 |   0.0 |      20 |       0 |   0.0
        D:7 |     689 |       0 |   0.0 |      18 |       0 |   0.0
        D:8 |     796 |       0 |   0.0 |      14 |       0 |   0.0
        D:9 |    2111 |       0 |   0.0 |      19 |       0 |   0.0
       D:10 |    2451 |       0 |   0.0 |      26 |       0 |   0.0
       D:11 |    4325 |     305 |   6.6 |      28 |       1 |   3.4
     Lair:1 |    5229 |    1104 |  17.4 |      27 |       4 |  12.9
     Lair:2 |    3890 |     950 |  19.6 |      19 |       1 |   5.0
     Lair:3 |    3646 |       0 |   0.0 |      15 |       0 |   0.0
     Lair:4 |    5146 |    1638 |  24.1 |      22 |       3 |  12.0
     Lair:5 |    9682 |     595 |   5.8 |      23 |       1 |   4.2
     Lair:6 |    3870 |    3343 |  46.3 |      10 |      13 |  56.5
    Ossuary |       0 |     116 | 100.0 |       0 |      47 | 100.0
            +---------+---------+-------+---------+---------+-------
